 Seeded DCSS version 0.25.1-8-g42b30a86e7 (webtiles) character file.

Game seed: 20201210 (custom seed)

363 radhat240 the Magician (level 6, -1/32 HPs)
             Began as a Deep Elf Air Elementalist on Dec 15, 2020.
             Was a Follower of Vehumet.
             Slain by a hound (2 damage)
             ... on level 5 of the Dungeon.
             The game lasted 00:25:56 (3837 turns).

radhat240 the Magician (Deep Elf Air Elementalist)  Turns: 3837, Time: 00:25:57

Health: -1/32      AC:  5    Str:  5    XL:     6   Next: 39%
Magic:  0/15       EV: 13    Int: 22    God:    Vehumet [*.....]
Gold:   128        SH:  0    Dex: 15    Spells: 4/15 levels left

rFire    + . .     SeeInvis .   (no weapon)
rCold    . . .     Gourm    .   (no shield)
rNeg     . . .     Faith    +   a - +1 robe
rPois    .         Spirit   .   (no helmet)
rElec    .         Reflect  .   (no cloak)
rCorr    .         Harm     .   m - +0 pair of gloves
MR       .....                  b - +0 pair of boots
Stlth    ++........             h - amulet of faith
HPRegen  0.10/turn              d - ring of protection from fire
MPRegen  0.14/turn              (no ring)

@: no status effects
A: no striking features
a: Renounce Religion


You were on level 5 of the Dungeon.
You worshipped Vehumet.
Vehumet was aware of your devotion.
You were not hungry.

You visited 1 branch of the dungeon, and saw 5 of its levels.

You collected 128 gold pieces.

Inventory:

Hand Weapons
 p - the +8 dagger "Nayrioqem" {elec, rElec rN+++ Str-5 Stlth+, unknown}
   (You found it on level 5 of the Dungeon)

   Occasionally, upon striking a foe, it will discharge some electrical energy
   and cause terrible harm.
   It affects your strength (-5).
   It insulates you from electricity.
   It renders you almost immune to negative energy.
   It makes you more stealthy.
Armour
 a - a +1 robe (worn)
 b - a +0 pair of boots (worn)
 m - a +0 pair of gloves (worn)
Jewellery
 d - a ring of protection from fire (left hand)
 f - an uncursed amulet of regeneration
 h - an amulet of faith (around neck)
Scrolls
 e - 2 scrolls of amnesia
 g - 2 scrolls of enchant armour
 j - a scroll of teleportation {unknown}
 k - a scroll of identify
 l - 2 scrolls of remove curse {unknown}
 n - a scroll of blinking {unknown}
Potions
 i - a potion of brilliance {unknown}
 q - a potion of curing
Comestibles
 c - 9 rations
 o - a chunk of flesh


   Skills:
 + Level 2.8 Dodging
 + Level 3.2 Stealth
 + Level 0.4 Unarmed Combat
 + Level 5.1 Spellcasting
 + Level 3.4 Conjurations
 + Level 1.7 Fire Magic
 + Level 4.7 Air Magic


You had 4 spell levels left.
You knew the following spells:

 Your Spells              Type           Power        Failure   Level  Hunger
a - Shock                 Conj/Air       ###.         1%          1    None
b - Swiftness             Chrm/Air       ###.....     5%          2    None
c - Airstrike             Air            ####......   14%         4    ####...
d - Foxfire               Conj/Fire      ###.         3%          1    None
e - Static Discharge      Conj/Air       ###.....     5%          3    ##.....

Your spell library contained the following spells:

 Spells                   Type           Power        Failure   Level  Hunger
 Lightning Bolt           Conj/Air       ###.......   45%         5    #####..


Dungeon Overview and Level Annotations

Branches:
Dungeon (5/15)
 Temple: D:4-7

Altars:
Dithmenos
Vehumet
Yredelemnul


Message History

The hound barely misses you.
* * * LOW HITPOINT WARNING * * *
You feel sick.
You are no longer poisoned.
The hound bites you but does no damage.
Casting: Shock (safe; 1% risk of failure)
Confirm with . or Enter, or press ? or * to list all spells.
Aiming: Shock (safe; 1% risk of failure)
Press: ? - help, Shift-Dir - straight line, f/p - hound
Aim: a hound (moderately wounded)
The zap hits the hound!
The hound is severely wounded.
The hound closely misses you.
Casting: Shock (safe; 1% risk of failure)
Confirm with . or Enter, or press ? or * to list all spells.
Aiming: Shock (safe; 1% risk of failure)
Press: ? - help, Shift-Dir - straight line, f/p - hound
Aim: a hound (severely wounded)
The zap misses the hound.
The hound bites you.
You die...

### ..# #.# #.##.#
#.##.# #@##.# #h##..
#.##.# ###### #.##.#
#.....
#.##.########.#...
#.............###.
######.#############
.....................
############.########


You could see a hound.

Vanquished Creatures
  An ice beast (D:5)
  2 crimson imps (D:5)
  An orc wizard (D:3)
  2 worker ants
  A gnoll (D:1)
  An adder (D:2)
  An ooze (D:2)
  2 worms
  4 dart slugs
  4 leopard geckos
  5 orcs (D:3)
  5 giant cockroaches
  6 goblins
  14 hobgoblins
  4 jackals
  6 bats (D:1)
  4 frilled lizards
  7 kobolds
  8 rats
78 creatures vanquished.

Vanquished Creatures (others)
  30 foxfires
30 creatures vanquished.

Grand Total: 108 creatures vanquished

Notes
Turn   | Place    | Note
-------+----------+-------------------------------------------
     0 | D:1      | radhat240 the Deep Elf Air Elementalist began the quest for
                  | the Orb.
     0 | D:1      | Reached XP level 1. HP: 10/10 MP: 6/6
   198 | D:1      | Reached XP level 2. HP: 15/15 MP: 5/8
   203 | D:1      | Learned a level 2 spell: Swiftness
   397 | D:1      | Reached XP level 3. HP: 19/19 MP: 6/9
  1321 | D:2      | Reached XP level 4. HP: 24/24 MP: 2/11
  1327 | D:2      | Learned a level 4 spell: Airstrike
  1704 | D:2      | Found a radiant altar of Vehumet.
  1705 | D:2      | Found a basalt altar of Yredelemnul.
  1706 | D:2      | Found a shadowy altar of Dithmenos.
  1714 | D:2      | Became a worshipper of Vehumet
  2554 | D:3      | Reached skill level 4 in Spellcasting
  2850 | D:3      | Reached XP level 5. HP: 28/28 MP: 11/13
  2899 | D:3      | Learned a level 5 spell: Lightning Bolt
  3340 | D:4      | Reached * piety under Vehumet
  3340 | D:4      | Offered knowledge of Foxfire by Vehumet.
  3345 | D:4      | Learned a level 1 spell: Foxfire
  3349 | D:4      | Learned a level 3 spell: Static Discharge
  3470 | D:5      | Entered Level 5 of the Dungeon
  3559 | D:5      | Got a faintly glowing dagger
  3665 | D:5      | Noticed an ice beast
  3676 | D:5      | Killed an ice beast
  3676 | D:5      | Reached skill level 5 in Spellcasting
  3787 | D:5      | Reached XP level 6. HP: 32/32 MP: 12/15
  3808 | D:5      | Reached skill level 1 in Fire Magic
  3835 | D:5      | HP: 1/32 [poisoned by a worker ant]
  3837 | D:5      | Slain by a hound

Illustrated notes

Levels and vault maps discovered:
D:1:      dpeg_arrival_snail, layout_basic
D:2:      layout_basic, chequers_temple_overflow_statue_of_worship,
          minmay_hedge_maze, minmay_misc_feat_five
D:3:      layout_basic
D:4:      layout_loops_ring, tgw_trog, first_ration, minmay_distorted
D:5:      layout_basic, kennysheep_nub, minmay_fractal_squares_diagonal_5,
          uniq_pikel

Skill      XL: |  1  2  3  4  5  6 |
---------------+-------------------+-----
Air Magic      | 4 |  4.7
Stealth        | 3 |  3.2
Conjurations   | 2 3 |  3.4
Spellcasting   | 4 5 |  5.1
Fire Magic     | 1 |  1.7
Dodging        | |  2.8
Unarmed Combat | |  0.4

Action                   |  1- 3 |  4- 6 || total
-------------------------+-------+-------++-------
Melee: Unarmed           |    10 |    24 ||    34
 Cast: Shock             |    96 |    83 ||   179
       Swiftness         |       |     1 ||     1
       Airstrike         |       |     1 ||     1
       Foxfire           |       |    18 ||    18
  Use: Scroll            |     2 |     2 ||     4
  Eat: Chunk             |     1 |     5 ||     6
       Ration            |       |     1 ||     1
Armor: Robe              |     2 |    15 ||    17
Dodge: Dodged            |    19 |    38 ||    57
